 Dungeon Sprint DCSS version 0.19.0-19-g8c6edcc (webtiles) character file.

3156 poirepourri the Earth Mage (level 9, 0/45 HPs)
             Began as a Gargoyle Earth Elementalist on Nov 12, 2016.
             Was a Believer of Vehumet.
             Splashed by an oklob plant's acid (12 damage)
             ... in the Dungeon (Sprint I: "Red Sonja").
             The game lasted 00:02:18 (1700 turns).

poirepourri the Earth Mage (GrEE)                   Turns: 1700, Time: 00:02:20

Health: 0/45       AC:  5    Str: 13    XL:     9   Next: 93%
Magic:  19/26      EV: 14    Int: 18    God:    Vehumet [**....]
Gold:   257        SH:  0    Dex: 10    Spells: 5 memorised, 19 levels left

rFire  . . .     SeeInvis .     a - 14 stones
rCold  . . .     Gourm    .     m - +2 robe {Archmagi}
rNeg   + . .     Faith    .     (no shield)
rPois  ∞         Spirit   .     (no helmet)
rElec  +         Reflect  .     (no cloak)
rCorr  .         Harm     .     (no gloves)
MR     .....     NoTele   +     (no boots)
Stlth  +++.......               (no amulet)
                                (no ring)
                                (no ring)

@: corroded
A: negative energy resistance 1, electricity resistance, unbreathing,
petrification resistance, rot immunity, AC +5
a: Renounce Religion


You were in the Dungeon.
You worshipped Vehumet.
Vehumet was pleased with you.
You were not hungry.

You visited 1 branch You collected 729 gold pieces.
You spent 472 gold pieces at shops.

Inventory:

Missiles
 a - 14 stones (in hand)
Armour
 j - a +3 ring mail of cold resistance
 m - a +2 robe of the Archmagi (worn)
Magical Staves
 d - an uncursed staff of summoning
Potions
 e - a potion of curing
 f - a potion of heal wounds
 g - a potion of haste
 h - a potion of magic
 i - a potion of berserk rage
 l - 2 potions of mutation {unknown}
 n - a potion of lignification {unknown}
Books
 k - a book of Geomancy

   Spells                             Type                      Level
   a - Sandblast                      Earth                        1
   b - Passwall                       Transmutation/Earth          2
   c - Stone Arrow                    Conjuration/Earth            3
   d - Petrify                        Transmutation/Earth          4
   e - Lee's Rapid Deconstruction     Earth                        5
Comestibles
 b - 3 fruits
 c - a meat ration
 o - a slice of pizza


   Skills:
 + Level 5.6 Dodging
 + Level 4.8 Stealth
 + Level 13.0 Spellcasting
 + Level 2.1 Conjurations
 + Level 0.7 Transmutations
 + Level 17.4 Earth Magic


You had 19 spell levels left.
You knew the following spells:

 Your Spells              Type           Power        Failure   Level  Hunger
a - Sandblast             Erth           ######       0%          1    None
b - Passwall              Tmut/Erth      ######....   1%          2    None
c - Stone Arrow           Conj/Erth      ######       1%          3    None
d - Petrify               Tmut/Erth      ######..     1%          4    #......
e - Lee's Rapid Deconstr  Erth           #######...   1%          5    ####...


Dungeon Overview and Level Annotations

Branches:
Dungeon (1/1)

Altars:
Cheibriados
Dithmenos
Elyvilon
Fedhas
Gozag
Hepliaklqana
Kikubaaqudgha
Makhleb
Nemelex Xobeh
Okawaru
Qazlal
Ru
Sif Muna
Trog
Uskayaw
Vehumet
Xom
Yredelemnul
Zin
The Shining One
Jiyva
Lugonu

Shops:
D [([

Annotations:
D exclusion: oklob plant


Innate Abilities, Weirdness & Mutations

You are resistant to torment.
Your stone body is resilient. (AC +5)
You are immune to poison.
You resist negative energy. (rN+)
You are resistant to electric shocks. (rElec)
You can survive without breathing.
You are immune to petrification.
You are immune to rotting.


Message History

The splash of acid hits you!
You are splashed with acid!
The acid burns!
Casting: Sandblast
Confirm with . or Enter, or press ? or * to list all spells.
Aiming: Sandblast
Press: ? - help, Shift-Dir - straight line, f/p - oklob plant
Aim: an oklob plant (purple smoke, moderately damaged)
You feel a surge of power!
The rocky blast hits the oklob plant.
The oklob plant is heavily damaged.
Casting: Sandblast
Confirm with . or Enter, or press ? or * to list all spells.
Aiming: Sandblast
Press: ? - help, Shift-Dir - straight line, f/p - oklob plant
Aim: an oklob plant (purple smoke, heavily damaged)
You feel a surge of power!
The rocky blast hits the oklob plant.
The oklob plant is almost destroyed.
The oklob plant spits acid at you. The splash of acid hits you!
* * * LOW HITPOINT WARNING * * *
The acid corrodes you!
You are splashed with acid!
The acid burns!
You die...

################
)..#..'..#__#..+
#..').#..'..'..#
##'#####'#__####
#..#[..#.####..####
####..##.#≈≈§..#..#
___##'#..'≈§≈.§§§.#
∩...'.(._#)≈§§§#@§#
.__##_.#'##'#####§#
___###'#.#.(§(###P+
######)####'###.###
....'...'.....'.∩#
+####...##########
##.## #+#


You could see an oklob plant.

Vanquished Creatures
  2 centaur warriors (D)
  Sonja (D)
  A deep troll (D)
  A hornet (D)
  A slime creature (D)
  Sigmund (D)
  A yak (D)
  An ogre (D)
  A jelly (D)
  Ijyb (D)
11 creatures vanquished.

Notes
Turn   | Place    | Note
-------+----------+-------------------------------------------
     0 | D        | poirepourri the Gargoyle Earth Elementalist began the quest for the Orb.
     0 | D        | Reached XP level 1. HP: 10/10 MP: 3/3
     3 | D        | Noticed Ijyb
    10 | D        | Killed Ijyb
    10 | D        | Reached skill level 6 in Earth Magic
    10 | D        | Reached XP level 2. HP: 15/15 MP: 0/6
    10 | D        | Reached XP level 3. HP: 19/19 MP: 0/7
   163 | D        | Learned a level 2 spell: Passwall
   167 | D        | Learned a level 3 spell: Stone Arrow
   171 | D        | Noticed an ogre
   175 | D        | Killed an ogre
   175 | D        | Reached skill level 8 in Earth Magic
   175 | D        | Reached XP level 4. HP: 1/24 MP: 3/10
   502 | D        | Noticed Sigmund
   508 | D        | Killed Sigmund
   508 | D        | Reached skill level 10 in Earth Magic
   508 | D        | Reached XP level 5. HP: 28/28 MP: 4/13
   508 | D        | Reached XP level 6. HP: 32/32 MP: 4/15
   632 | D        | Learned a level 4 spell: Petrify
   638 | D        | Learned a level 5 spell: Lee's Rapid Deconstruction
   645 | D        | Found a deep blue altar of Sif Muna.
   647 | D        | Found a radiant altar of Vehumet.
   650 | D        | Reached skill level 11 in Earth Magic
   669 | D        | Became a worshipper of Vehumet
   691 | D        | Found Qaytopryi's Antique Weapon Emporium.
   691 | D        | Found an ancient bone altar of Kikubaaqudgha.
   691 | D        | Found a hazy altar of Hepliaklqana.
   691 | D        | Found a stormy altar of Qazlal.
   691 | D        | Found a hide-covered altar of Uskayaw.
   691 | D        | Found a blossoming altar of Fedhas.
   691 | D        | Found a bloodstained altar of Trog.
   691 | D        | Found an iron altar of Okawaru.
   691 | D        | Found a basalt altar of Yredelemnul.
   691 | D        | Found a glowing golden altar of the Shining One.
   691 | D        | Found a snail-covered altar of Cheibriados.
   691 | D        | Found a sacrificial altar of Ru.
   691 | D        | Found a glowing silver altar of Zin.
   691 | D        | Found a shadowy altar of Dithmenos.
   691 | D        | Found a white marble altar of Elyvilon.
   691 | D        | Noticed a yak
   694 | D        | Killed a yak
   694 | D        | Reached skill level 12 in Earth Magic
   695 | D        | Found an opulent altar of Gozag.
   696 | D        | Found a sparkling altar of Nemelex Xobeh.
   732 | D        | Found a burning altar of Makhleb.
   732 | D        | Found a viscous altar of Jiyva.
   732 | D        | Found a shimmering altar of Xom.
   732 | D        | Found a corrupted altar of Lugonu.
   732 | D        | Noticed a slime creature
   738 | D        | Killed a slime creature
   738 | D        | Reached skill level 13 in Earth Magic
   738 | D        | Reached XP level 7. HP: 17/36 MP: 10/18
   917 | D        | Noticed Sonja
   920 | D        | Killed Sonja
   920 | D        | Reached * piety under Vehumet
   920 | D        | Offered knowledge of Flame Tongue by Vehumet.
   920 | D        | Reached skill level 5 in Dodging
   920 | D        | Reached skill level 14 in Earth Magic
   920 | D        | Reached XP level 8. HP: 41/41 MP: 13/21
  1058 | D        | Found Cuurusen's Antique Armour Boutique.
  1066 | D        | Bought a glowing robe for 134 gold pieces
  1107 | D        | Noticed a deep troll
  1114 | D        | Killed a deep troll
  1114 | D        | Reached skill level 15 in Earth Magic
  1114 | D        | Reached XP level 9. HP: 8/45 MP: 6/24
  1375 | D        | Found Japaent's Armour Emporium.
  1387 | D        | Bought a +3 ring mail of cold resistance for 338 gold pieces
  1404 | D        | Noticed a centaur warrior
  1411 | D        | Noticed a centaur warrior
  1415 | D        | Killed a centaur warrior
  1415 | D        | Reached skill level 1 in Conjurations
  1415 | D        | Reached skill level 16 in Earth Magic
  1418 | D        | Killed a centaur warrior
  1418 | D        | Offered knowledge of Searing Ray by Vehumet.
  1418 | D        | Reached ** piety under Vehumet
  1418 | D        | Reached skill level 17 in Earth Magic
  1668 | D        | Noticed a hornet
  1671 | D        | Killed a hornet
  1694 | D        | Noticed an oklob plant
  1700 | D        | Splashed by an oklob plant's acid

Skill      XL: |  1  2  3  4  5  6  7  8  9 |
---------------+----------------------------+-----
Dodging        | 2 3 4 5 |  5.6
Stealth        | 3 4 |  4.8
Spellcasting   | 3 4 6 8 9 11 13 | 13.0
Earth Magic    | 6 8 10 13 14 15 17 | 17.4
Conjurations   | 2 |  2.1
Transmutations | |  0.7

Action                   |  1- 3 |  4- 6 |  7- 9 || total
-------------------------+-------+-------+-------++-------
 Cast: Sandblast         |     9 |    17 |    16 ||    42
       Stone Arrow       |       |       |    10 ||    10
       Lee's Rapid Decon |       |       |     2 ||     2
  Use: Potion            |     1 |       |       ||     1
       Scroll            |       |       |     1 ||     1
  Eat: Fruit             |       |       |     1 ||     1
       Bread ration      |       |       |     1 ||     1
Armor: Robe              |     2 |       |     1 ||     3
Dodge: Dodged            |       |     5 |     4 ||     9
